 Dungeon Crawl Stone Soup version 0.24-a0-458-gfcb5e6da0e (webtiles) character file.

Game seed: 18058679969715299296

138 Peloso the Shield-Bearer (level 5, -2/47 HPs)
             Began as a Minotaur Fighter on June 27, 2019.
             Blown up by Ijyb (23 damage)
             ... with a disintegration bolt
             ... on level 3 of the Dungeon.
             The game lasted 00:02:41 (1421 turns).

Peloso the Shield-Bearer (Minotaur Fighter)         Turns: 1421, Time: 00:02:41

Health: -2/47      AC:  7    Str: 20    XL:     5   Next: 1%
Magic:  4/4        EV:  8    Int:  5    God:
Gold:   63         SH:  9    Dex: 11    Spells: 4/4 levels left

rFire    . . .     SeeInvis .   a - +0 long sword
rCold    . . .     Gourm    .   c - +0 shield
rNeg     . . .     Faith    .   b - +0 scale mail
rPois    +         Spirit   .   (helmet restricted)
rElec    .         Reflect  .   (no cloak)
rCorr    .         Harm     .   (no gloves)
MR       .....                  (no boots)
Stlth    ..........             (no amulet)
HPRegen  0.15/turn              l - ring of poison resistance
MPRegen  0.09/turn              m - ring of attention (curse)

@: no status effects
A: retaliatory headbutt, horns 2
a: no special abilities


You were on level 3 of the Dungeon.
You were not hungry.

You visited 1 branch of the dungeon, and saw 3 of its levels.

You collected 63 gold pieces.

Inventory:

Hand Weapons
 a - a +0 long sword (weapon)
Armour
 b - a +0 scale mail (worn)
 c - a +0 shield (worn)
Jewellery
 l - a ring of poison resistance (left hand)
 m - a cursed ring of attention (right hand)
Scrolls
 e - 6 scrolls of identify {unknown}
 g - 2 scrolls of teleportation {unknown}
 h - 2 scrolls of remove curse {unknown}
 j - a scroll of fog {unknown}
 n - a scroll of enchant weapon {unknown}
Potions
 d - a potion of might
 i - a potion of flight {unknown}
 k - a potion of magic {unknown}
 o - a potion of cancellation {unknown}
 q - a potion of heal wounds {unknown}
Comestibles
 f - 6 rations
 p - a chunk of flesh


   Skills:
 + Level 4.4 Fighting
 + Level 3.7 Long Blades
 + Level 4.4 Armour
 + Level 1.7 Dodging
 + Level 4.6 Shields


You had 4 spell levels left.
You didn't know any spells.
Your spell library was empty.

Dungeon Overview and Level Annotations

Branches:
Dungeon (3/15)

Altars:
Ashenzari
Hepliaklqana
Trog

Annotations:
D:3 Ijyb


Innate Abilities, Weirdness & Mutations

You reflexively headbutt those who attack you in melee.
You have a pair of horns on your head.


Message History

You hit Ijyb. Your headbutt misses Ijyb.
Ijyb is lightly wounded.
You block Ijyb's attack.
You barely miss Ijyb.
Ijyb is lightly wounded.
Ijyb hits you with a +0 dagger. Ijyb hits you but does no damage.
You hit Ijyb but do no damage.
Ijyb is lightly wounded.
Ijyb zaps a wand.
You are blasted!
Ouch! That really hurt!
You barely miss Ijyb.
Ijyb is lightly wounded.
Ijyb closely misses you. You furiously retaliate!
You headbutt Ijyb! You closely miss Ijyb. You headbutt Ijyb!
Ijyb is almost dead.
Ijyb zaps a wand.
You barely resist. You hit Ijyb but do no damage.
Ijyb is almost dead.
Ijyb hits you but does no damage.
Ijyb zaps a wand.
You are blasted!
You die...

..#.# #............
#...# #####.#######
#.### #..#
#.#############.########
'.......................
#.#############.######.#
#.# #..# #.# ##.# ..#
#@# #.# #g# #.# #.. #.#
##.# #.# .# #.# .# #.#
.. .# #.


You could see Ijyb.

Vanquished Creatures
  Terence (D:2)
  6 adders
  2 worms
  A dart slug (D:2)
  A leopard gecko (D:1)
  A ball python (D:1)
  3 giant cockroaches (D:1)
  8 goblins
  2 hobgoblins
  2 jackals (D:2)
  A quokka (D:3)
  7 bats
  6 frilled lizards
  5 kobolds
  7 rats
53 creatures vanquished.

Notes
Turn   | Place    | Note
-------+----------+-------------------------------------------
     0 | D:1      | Peloso the Minotaur Fighter began the quest for the Orb.
     0 | D:1      | Reached XP level 1. HP: 19/19 MP: 0/0
   174 | D:1      | Reached XP level 2. HP: 26/27 MP: 1/1
   488 | D:2      | Found a bloodstained altar of Trog.
   496 | D:2      | Reached XP level 3. HP: 29/33 MP: 2/2
   584 | D:2      | Reached skill level 1 in Dodging
   763 | D:2      | Reached XP level 4. HP: 37/41 MP: 3/3
   767 | D:2      | Found a shattered altar of Ashenzari.
   776 | D:2      | Noticed Terence
   792 | D:2      | Killed Terence
   966 | D:2      | Found a faded altar of an unknown god.
  1235 | D:3      | Found a hazy altar of Hepliaklqana.
  1392 | D:3      | Reached XP level 5. HP: 47/47 MP: 4/4
  1411 | D:3      | Noticed Ijyb
  1421 | D:3      | Blown up by Ijyb

Levels and vault maps discovered:
D:1:      minmay_arrival_widening_spiral_wide, layout_rooms, minmay_ruptured
D:2:      layout_basic, old_standard_altar, nicolae_overflow_crystal_walls,
          chequers_ecumenical_altar_lobes, uniq_terence
D:3:      layout_basic, lemuel_doored_altar, ebering_ghost_rock_garden,
          uniq_sigmund, uniq_ijyb, uniq_grinder

Skill      XL: |  1  2  3 |
---------------+----------+-----
Armour         | 4 |  4.4
Fighting       | 4 |  4.4
Long Blades    | 3 |  3.7
Shields        | 4 |  4.6
Dodging        | 1 |  1.7

Action                   |  1- 3 |  4- 6 || total
-------------------------+-------+-------++-------
Melee: Long sword        |    76 |    68 ||   144
       Headbutt          |     8 |     7 ||    15
  Eat: Chunk             |       |     2 ||     2
Armor: Scale mail        |    45 |    29 ||    74
       Skin              |       |     9 ||     9
Dodge: Dodged            |    38 |    13 ||    51
Block: Shield            |    47 |    50 ||    97
       Rpst.: Long sword |    13 |     6 ||    19

Table legend:
 A = Non-vault XP
 B = Vault XP
 C = Vault XP percentage of total XP
 D = Non-vault monster count
 E = Vault monster count
 F = Vault count percentage of total count
                 A         B        C        D         E       F
            +---------+---------+-------+---------+---------+-------
      Total |     156 |      42 |  21.2 |      49 |       4 |   7.5
            +---------+---------+-------+---------+---------+-------
        D:1 |      29 |       4 |  12.1 |      17 |       3 |  15.0
        D:2 |      85 |      38 |  30.9 |      23 |       1 |   4.2
        D:3 |      42 |       0 |   0.0 |       9 |       0 |   0.0
            +---------+---------+-------+---------+---------+-------
